 Dungeon Crawl Stone Soup version 0.31-a0-1074-g0b22e4e0f1 (webtiles) character file.

Game seed: 10479514826256480083

567 Jeffwins the Changeling (level 7, 52/52 HPs)
             Began as a Green Draconian Shapeshifter on Nov 26, 2023.
             Quit the game on level 4 of the Dungeon.
             The game lasted 00:05:54 (3895 turns).

Jeffwins the Changeling (DrSh)                      Turns: 3895, Time: 00:05:55

Health: 52/52      AC:  6    Str: 15 (17) XL:     7   Next: 11%
Magic:  7/7        EV: 11    Int: 11 (12) God:
Gold:   262        SH:  0    Dex:  8 (10) Spells: 6/6 levels left

rFire   . .          .
                       - Unarmed
rCold   + . .        (no shield)
rNeg    . . .        (body armour unavailable)
rPois   +            (helmet currently unavailable)
rElec   .            (cloak currently unavailable)
rCorr   .            (gloves currently unavailable)
SInv    .            (boots currently unavailable)
Will    .....        (no amulet)
Stlth   +            C - ring of protection from cold
HPRegen 0.28/turn    (no ring)
MPRegen 0.10/turn

%: no passive effects
@: beast-form
A: beast (slay +4), breathe noxious fumes, AC +6, unfitting armour, poison
resistance, cold-blooded
a: Breathe Noxious Fumes, Begin Untransformation


You were on level 4 of the Dungeon.
You were a hulking beast.
You visited 1 branch of the dungeon, and saw 4 of its levels.
You also visited: Sewer.

You collected 262 gold pieces.


Innate Abilities, Weirdness & Mutations

You are a hulking beast.
Your limbs bulge with bestial killing power. (Slay +4)
You can breathe blasts of noxious fumes.
Your lurid green scales are hard. (AC +6)
You cannot fit into any form of body armour.
Your system is resistant to poisons. (rPois)
You are cold-blooded and may be slowed by cold attacks.


   Skills:
 - Level 1.1 Fighting
 - Level 1.7 Dodging
 - Level 3.4 Unarmed Combat
 * Level 7.4 Shapeshifting


You had 6 spell levels left.
You didn't know any spells.
Your spell library contained the following spells:

 Spells                   Type           Power      Damage    Failure   Level
 Frozen Ramparts          Ice            0%         1d1       71%         3
 Ozocubu's Armour         Ice            0%         N/A       71%         3
 Petrify                  Tmut/Erth      0%         N/A       98%         4
 Metabolic Englaciation   Hex/Ice        0%         N/A       100%        5
 Ozocubu's Refrigeration  Ice            0%         4d7       100%        7

Inventory:

Missiles
 h - 5 poisoned darts
Armour
 e - a +0 cloak
Jewellery
 C - a ring of protection from cold (left hand)
 N - a ring of positive energy
 W - a ring of magical power
Talismans
 b - a beast talisman
 c - a flux talisman
 g - a maw talisman
Scrolls
 d - a scroll of brand weapon {unknown}
 i - 3 scrolls of teleportation {@r4}
 k - 2 scrolls of blinking
 m - a scroll of summoning {unknown}
 n - a scroll of fear {unknown}
 o - 3 scrolls of identify {@r1}
 p - a scroll of poison {unknown}
Potions
 a - 2 potions of lignification {!q}
 f - 2 potions of might {unknown}
 j - a potion of heal wounds {@q2}
 l - a potion of cancellation

Dungeon Overview and Level Annotations

Branches:
Dungeon (4/15)              Sewer (visited)
 Temple: D:4-7

Altars:

#####
#.....=....)......###.#.#.#
###.##...###'####.......#.#.#
#.......#8...#..8#.#.####.#.#
#.....<.#...#....#...# #....
#.......#....#...#..## ###.#
#.......+.#.#.#.##.## #.#
#.......##.#.#.#.'.# #[#
#.......#...#....#.# #.#
#.......#...h#...#.# #.#
#####...#8..#...8#.# #.#
##..(####'###..# #.#
##..^.........# #.#
#######.###.### #.#
#..........# #.# #..........#
#.# #..........# #.#
#..........# #.#


There were no monsters in sight!


Message History

You see here a +0 mace.
You now have 262 gold pieces (gained 12).
You see here 4 stones.
Found a scroll of identify.
o - 3 scrolls of identify {@r1} (gained 1)
Things that are here:
a +0 hand axe; an orc corpse
Items here: ( ))) ††.
A kobold comes into view. It is wielding a +0 short sword.
The kobold shouts!
You punch the kobold!
You kill the kobold!
Found a robe.
Found a scale mail.
Found a large copper ring.
You see here a +0 robe.
N - a ring of positive energy No target in view!
No target in view!
No target in view!
No target in view!
You open the door.
There is an open door here.
Done exploring.
Done exploring.
Done exploring.
Done exploring.
Done exploring.
Unknown command.
Are you sure you want to abandon this character and quit the game? (Confirm with "yes".)

Skill      XL: |  1  2  3  4  5  6 |
---------------+-------------------+-----
Shapeshifting  | 4 5 6 7 |  7.4
Fighting       | |  1.1
Dodging        | |  1.7
Unarmed Combat | |  3.4

Action                     |  1- 3 |  4- 6 |  7- 9 || total
---------------------------+-------+-------+-------++-------
  Melee: Unarmed           |    80 |   326 |    32 ||   438
         Tailslap          |     8 |    21 |     7 ||    36
         Punch             |     1 |     6 |       ||     7
Ability: Breathe Noxious F |       |       |     1 ||     1
    Use: Potion            |       |     8 |       ||     8
         Scroll            |       |     2 |       ||     2
 Armour: Skin              |    31 |   347 |    22 ||   400
  Dodge: Dodged            |    42 |   201 |    18 ||   261

Levels and vault maps discovered:
D:1:      dpeg_arrival_ternary, layout_basic, minmay_pentomino_w2
D:2:      layout_loops_corners, kennysheep_generic_room_15, uniq_natasha,
          uniq_terence, uniq_robin
D:3:      cheibrodos_helix_gallery, layout_basic,
          mainiacjoe_sewer_entry_somewhere_in_here_1,
          ebering_ecumenical_altar_rust
D:4:      layout_basic, columned_hall_lemuel, minivault_1

Notes
Turn   | Place    | Note
-------+----------+-------------------------------------------
     0 | D:1      | Jeffwins the Draconian Shapeshifter began the quest for the
                  | Orb.
     0 | D:1      | Reached XP level 1. HP: 16/16 MP: 1/1
    28 | D:1      | Reached XP level 2. HP: 22/23 MP: 2/2
   426 | D:1      | Reached XP level 3. HP: 28/28 MP: 3/3
   615 | D:2      | Noticed Terence
   630 | D:2      | Killed Terence
   631 | D:2      | Reached skill level 4 in Shapeshifting
   952 | D:2      | Reached XP level 4. HP: 35/35 MP: 4/4
  1055 | D:2      | Noticed Robin
  1071 | D:2      | Killed Robin
  1174 | D:2      | Noticed Natasha
  1185 | D:2      | Killed Natasha
  1186 | D:2      | Reached skill level 5 in Shapeshifting
  1423 | D:2      | Noticed Natasha
  1428 | D:2      | Killed Natasha
  1429 | D:2      | Reached XP level 5. HP: 31/40 MP: 5/5
  2007 | D:3      | HP: 4/40 [gnoll/+0 spear (1)]
  2009 | D:3      | HP: 1/40 [gnoll/+0 spear (3)]
  2170 | D:3      | Found a glowing drain.
  2177 | Sewer    | Entered a sewer
  2310 | Sewer    | Reached skill level 6 in Shapeshifting
  2447 | Sewer    | Reached XP level 6. HP: 37/47 MP: 6/6
  2744 | Sewer    | HP: 5/70 [bullfrog (5)]
  2748 | Sewer    | Reached skill level 7 in Shapeshifting
  2969 | D:3      | Found a faded altar of an unknown god.
  3390 | D:4      | Identified the +2 robe of the Snake Pit {rElec Str+3}
  3466 | D:4      | Your scales start taking on a lurid green colour.
  3466 | D:4      | Reached XP level 7. HP: 45/50 MP: 7/7
  3466 | D:4      | Gained mutation: Your system is resistant to poisons.
                  | (rPois) [Green Draconian growth]
  3895 | D:4      | Quit the game

Vanquished Creatures
  2 bullfrogs (Sewer)
  An iguana (D:4)
  A sleepcap (D:4)
  Natasha (twice) (D:2)
  Terence (D:2)
  Robin (D:2)
  3 gnolls (D:3)
  7 adders
  6 river rats (Sewer)
  3 worms
  A dart slug (D:1)
  7 orcs
  19 ball pythons
  2 bats (D:2)
  6 endoplasms
  6 giant cockroaches (D:3)
  12 hobgoblins
  6 jackals
  11 kobolds
  6 quokkas
  6 frilled lizards
  15 goblins
  29 rats
153 creatures vanquished.

Table legend: (Time is in decaauts)
 A = Elapsed time spent in this place.
 B = Non-inter-level travel time spent in this place.
 C = Inter-level travel time spent in this place.
 D = Time resting spent in this place.
 E = Time spent auto-exploring this place.
 F = Levels seen in this place.
 G = Mean time per level.
                   A        B        C        D        E       F      G
               +--------+--------+--------+--------+--------+-----+--------+
         Total |   3911 |   3859 |     52 |    186 |   2518 |   5 |  782.2 |
       Dungeon |   3118 |   3066 |     52 |     24 |   2168 |   4 |  779.5 |
         Sewer |    792 |    792 |      0 |    162 |    350 |   1 |  792.0 |
               +--------+--------+--------+--------+--------+-----+--------+

Top non-repeatable levels by time:
     D:2: 1122 daAuts
     D:3: 879 daAuts
   Sewer: 792 daAuts
     D:1: 611 daAuts
     D:4: 504 daAuts

Table legend:
 A = Non-vault XP
 B = Vault XP
 C = Vault XP percentage of total XP
 D = Non-vault monster count
 E = Vault monster count
 F = Vault count percentage of total count
                 A         B        C        D         E       F
            +---------+---------+-------+---------+---------+-------
      Total |     325 |     486 |  59.9 |      80 |      73 |  47.7
            +---------+---------+-------+---------+---------+-------
        D:1 |      41 |       1 |   2.4 |      23 |       1 |   4.2
        D:2 |      70 |     109 |  60.9 |      19 |      14 |  42.4
        D:3 |     111 |      14 |  11.2 |      25 |       8 |  24.2
        D:4 |     103 |       0 |   0.0 |      13 |       0 |   0.0
      Sewer |       0 |     362 | 100.0 |       0 |      50 | 100.0
            +---------+---------+-------+---------+---------+-------
